 Dungeon Crawl Stone Soup version 0.32-a0-791-gfc315c9ecd (console) character file.

Game seed: 2942069540780029803

1054 asteria the Magician (level 8, 0/36 HPs)
             Began as a Spriggan Fire Elementalist on Mar 20, 2024.
             Was a Follower of Ashenzari.
             Slain by a hornet (12 damage)
             ... on level 7 of the Dungeon.
             The game lasted 00:14:08 (5655 turns).

asteria the Magician (Spriggan Fire Elementalist)   Turns: 5655, Time: 00:14:09

Health: 0/36       AC:  6    Str:  4    XL:     8   Next: 5%
Magic:  13/20      EV: 19    Int: 24    God:    Ashenzari [*.....]
Gold:   201        SH:  0    Dex: 16    Spells: 19/22 levels left

rFire   . . .        C - +0 arbalest (freeze)
rCold   . . .        (shield currently unavailable)
rNeg    . . .        a - +0 robe of the Cosmic Anxiety {Fort, Cun} (curse)
rPois   .            (helmet restricted)
rElec   .            (no cloak)
rCorr   .            (gloves unavailable)
SInv    +            (boots unavailable)
Will    +....        p - amulet of regeneration
Stlth   +++          f - ring of the Fated Irritation {Int+6, Elem, Cun} (curse)
HPRegen 1.06/turn    c - +4 ring of protection
MPRegen 0.17/turn

%: no passive effects
@: lethally poisoned (0 -> -1), slowed, quick
A: very small, no large weapons, unfitting armour, see invisible, speed 3
a: Renounce Religion, Shatter the Chains


You were on level 7 of the Dungeon.
You worshipped Ashenzari.
Ashenzari was aware of your devotion.
You visited 1 branch of the dungeon, and saw 7 of its levels.

You collected 311 gold pieces.
You spent 110 gold pieces at shops.

Inventory:

Hand Weapons
 u - the +4 hand axe of Glory {heavy, Fly rElec}
   (You found it on level 3 of the Dungeon)

   rElec:     It insulates you from electricity.
   Fly:       It grants you flight.
 w - a +0 sling of electrocution
 C - a +0 arbalest of freezing (weapon)
Armour
 a - the cursed +0 robe of the Cosmic Anxiety (worn) {Fort, Cun}

   It has a curse which improves the following skills: Fortitude: Armour and
   Shields.
   Cunning:   Dodging and Stealth.
Magical Staves
 i - a staff of alchemy
Jewellery
 c - a +4 ring of protection (right hand)
 f - the cursed ring of the Fated Irritation (left hand) {Int+6, Elem, Cun}
   (You found it on level 1 of the Dungeon)

   [ring of intelligence]

   Int+6:     It affects your intelligence (+6).
   It has a curse which improves the following skills: Elements: Fire Magic, Ice
   Magic, Air Magic and Earth Magic.
   Cunning:   Dodging and Stealth.
 p - an amulet of regeneration (around neck)
 y - a ring of protection from fire
 A - a ring of protection from cold
Wands
 z - a wand of mindburst (3)
 B - a wand of quicksilver (9)
Scrolls
 e - a scroll of amnesia
 g - 2 scrolls of enchant weapon
 m - 2 scrolls of noise
 n - a scroll of fear
 o - a scroll of fog
 q - 2 scrolls of poison
 r - a scroll of immolation
 s - 2 scrolls of blinking
 x - a scroll of teleportation
Potions
 b - a potion of magic
 d - 2 potions of resistance
 h - 2 potions of curing
 j - a potion of invisibility
 k - a potion of berserk rage
 l - 2 potions of lignification
 t - 3 potions of haste
 v - a potion of attraction


   Skills:
 + Level 3.2 Ranged Weapons
 - Level 4.8(5.9) Dodging
 - Level 5.0(6.1) Stealth
 - Level 1.5(2.1) Shields
 + Level 7.9 Spellcasting
 - Level 1.0 Conjurations
 - Level 3.6(4.3) Fire Magic
 - Level 2.0 Evocations


You had 19 spell levels left.
You knew the following spells:

 Your Spells              Type           Power      Damage    Failure   Level
a - Foxfire               Conj/Fire      88%        2x1d8     2%          1
b - Scorch                Fire           60%        2d7       1%          2

Your spell library contained the following spells:

 Spells                   Type           Power      Damage    Failure   Level
 Inner Flame              Hex/Fire       19%        N/A       9%          3
 Volatile Blastmotes      Fire/Tloc      38%        2d13      9%          3
 Flame Wave               Conj/Fire      22%        2d8       22%         4


Dungeon Overview and Level Annotations

Branches:
Dungeon (8/15)             Temple (0/1) D:5
   Lair: D:8-11

Altars:
Ashenzari
Okawaru
Vehumet
Xom

Shops:
D:1 ?

Annotations:
D:3 2 runed translucent doors, starfall's ghost, amateur MDFi


Innate Abilities, Weirdness & Mutations

You are very small and have problems with some larger weapons.
You are too small for most types of armour.
You have supernaturally acute eyesight. (SInv)
You cover ground extremely quickly. (Speed+++)


Message History

Here: a hornet (asleep)
The floor.
Unknown command.
You shoot a bolt. The bolt hits the hornet.
The bolt freezes the hornet.
The hornet buzzes angrily.
The hornet is lightly wounded.
Casting: Scorch (safe; 1% risk of failure)
Confirm with . or Enter, or press ? or * to list all spells.
You can't see any susceptible monsters within range! (Use Z to cast anyway.)
Casting: Scorch (safe; 1% risk of failure)
Confirm with . or Enter, or press ? or * to list all spells.
Flames lash the hornet.
The hornet is moderately wounded.
The hornet's fire resistance burns away.
Casting: Scorch (safe; 1% risk of failure)
Confirm with . or Enter, or press ? or * to list all spells.
Flames lash the hornet.
The hornet is burned terribly!
The hornet is moderately wounded.
The hornet completely misses you. The hornet attacks as it pursues you!
The hornet stings you.
You feel yourself slow down. The hornet attacks as it pursues you!
The hornet stings you but does no damage.
Casting: Scorch (safe; 1% risk of failure)
Confirm with . or Enter, or press ? or * to list all spells.
Flames lash the hornet.
The hornet is burned terribly!
The hornet is heavily wounded.
The hornet stings you!
You are poisoned.
You feel as though you will be slow longer.
The hornet stings you!
You suddenly lose the ability to move!
The hornet stings you but does no damage.
You can move again.
Casting: Scorch (safe; 1% risk of failure)
Confirm with . or Enter, or press ? or * to list all spells.
Flames lash the hornet.
The hornet is burned terribly!
The hornet is almost dead.
You feel very sick. The hornet stings you!
You die...

.#......#...# #.......# #.....#
#.#...###### #.......# #.....#
#..## ####.#### ###.....# #..#
##...# #.......# ####..# #..#.#
#.#.....# ......## #....#
#.###..## ####...## #.####
#......# ##.....## ##.# #..###.#
##.......# ##.@# #......#
#.........####..y#########.#...##
'.........+......................
#..[......####...#########.#...##
##.......## ##..# #?##.##
##..<..## ##.# #..### ##...## #.#
##.# #+## ### #.# #.# #.# ... #.#
#.#


You could see a hornet (combustible).

Vanquished Creatures
  Duvessa (D:4)
  A black bear (D:5)
  A phantom (D:5)
  2 bullfrogs
  A scorpion (D:7)
  3 wights (D:7)
  Dowan (D:4)
  A hound (D:5)
  A jelly (D:4)
  A bombardier beetle (D:4)
  A sleepcap (D:7)
  Terence (D:2)
  4 orc wizards
  3 gnolls (D:3)
  5 adders
  A dart slug (D:4)
  2 ribbon worms
  10 orcs
  8 endoplasms
  2 giant cockroaches (D:2)
  7 goblins
  5 hobgoblins
  7 kobolds
  2 quokkas
  3 ball pythons (D:1)
  4 bats
  2 frilled lizards (D:1)
  4 rats
84 creatures vanquished.

Vanquished Creatures (others)
  78 foxfires
78 creatures vanquished.

Grand Total: 162 creatures vanquished

Notes
Turn   | Place    | Note
-------+----------+-------------------------------------------
     0 | D:1      | asteria the Spriggan Fire Elementalist began the quest for
                  | the Orb.
     0 | D:1      | Reached XP level 1. HP: 9/9 MP: 5/5
    28 | D:1      | Found Hink's Magic Scroll Boutique.
   285 | D:1      | Reached XP level 2. HP: 13/13 MP: 3/6
   331 | D:1      | Reached skill level 3 in Spellcasting
   497 | D:1      | Reached skill level 1 in Conjurations
   795 | D:1      | Bought a scroll of identify for 20 gold pieces
   795 | D:1      | Bought a scroll of noise for 10 gold pieces
   921 | D:2      | Reached XP level 3. HP: 16/16 MP: 6/8
  1177 | D:2      | Learned a level 2 spell: Scorch
  1637 | D:2      | Noticed Terence
  1664 | D:2      | Killed Terence
  1665 | D:2      | Reached XP level 4. HP: 21/21 MP: 0/10
  1951 | D:1      | Bought a scroll of identify for 20 gold pieces
  1951 | D:1      | Bought a scroll of identify for 20 gold pieces
  1953 | D:1      | Bought a scroll of poison for 40 gold pieces
  2021 | D:3      | Found an iron altar of Okawaru.
  2074 | D:3      | Reached skill level 4 in Spellcasting
  2111 | D:3      | Found a large runed translucent door.
  2111 | D:3      | Found a large runed translucent door.
  2118 | D:3      | Reached skill level 5 in Stealth
  2283 | D:3      | Identified the +4 hand axe of Glory {heavy, Fly rElec}
  2309 | D:3      | Found a broken altar of Ashenzari.
  2415 | D:3      | Reached XP level 5. HP: 24/24 MP: 0/12
  2790 | D:3      | Noticed starfall's ghost (amateur MDFi)
  2912 | D:3      | Became a worshipper of Ashenzari the Shackled
  3044 | D:4      | Reached skill level 5 in Spellcasting
  3645 | D:4      | Reached XP level 6. HP: 28/28 MP: 15/15
  3882 | D:4      | Noticed Duvessa
  3882 | D:4      | Noticed Dowan
  4172 | D:4      | Killed Duvessa
  4173 | D:4      | Reached skill level 6 in Spellcasting
  4319 | D:4      | Killed Dowan
  4511 | D:5      | Entered Level 5 of the Dungeon
  4514 | D:5      | Reached XP level 7. HP: 32/32 MP: 18/18
  4517 | D:5      | Found a staircase to the Ecumenical Temple.
  4526 | D:5      | Reached * piety under Ashenzari
  4537 | D:5      | Found a shimmering altar of Xom.
  4555 | D:5      | Reached skill level 1 in Shields
  4555 | D:5      | Reached skill level 7 in Spellcasting
  4560 | D:5      | Reached skill level 1 in Evocations
  4620 | D:5      | You fall into a shaft and drop 3 floors!
  5155 | D:7      | Found a radiant altar of Vehumet.
  5241 | D:7      | Reached ** piety under Ashenzari
  5334 | D:7      | Reached skill level 1 in Ranged Weapons
  5531 | D:7      | Reached XP level 8. HP: 36/36 MP: 15/20
  5641 | D:7      | Noticed a hornet
  5654 | D:7      | Paralysed by a hornet for 1 turns
  5655 | D:7      | Slain by a hornet

Illustrated notes

Levels and vault maps discovered:
D:1:      minmay_arrival_nine_rooms, layout_rooms, serial_shops,
          nicolae_shop_rolling_square, minmay_pentomino_u2
D:2:      layout_loops_ring, minivault_14,
          nicolae_concentric_dashed_squares_mild, moated_statue, uniq_terence
D:3:      layout_rooms, nicolae_overflow_crystal_walls,
          mainiacjoe_overflow_chevrons, ebering_ghost_disaster_area,
          minmay_misc_feat_square
D:4:      dreamdust_elfheim, layout_cave_pods, minmay_crossroads
D:5:      layout_layer_cave, nicolae_yredelemnul_ghost_church,
          lemuel_doored_altar, minmay_temple_entry_waves, serial_shops,
          nicolae_shop_tiny_glass
D:7:      layout_loops_corners, lemuel_round_altar
D:8:      layout_rooms, david_lair_generic

Skill      XL: |  1  2  3  4  5  6  7 |
---------------+----------------------+-----
Spellcasting   | 3 4 5 6 7 |  7.9
Conjurations   | 1 |  1.0
Stealth        | 4 5 |  5.0
Fire Magic     | 3 |  3.6
Dodging        | 3 4 |  4.8
Shields        | 1 |  1.5
Evocations     | 2 |  2.0
Ranged Weapons | 3 |  3.2

Action                     |  1- 3 |  4- 6 |  7- 9 || total
---------------------------+-------+-------+-------++-------
  Melee: Short sword       |    13 |     5 |       ||    18
         Hand axe          |       |     5 |       ||     5
   Fire: Sling             |       |    52 |     7 ||    59
         Arbalest          |       |       |    19 ||    19
   Cast: Foxfire           |    45 |    15 |       ||    60
         Scorch            |    10 |    34 |    25 ||    69
 Invoke: Curse Item        |       |     1 |     2 ||     3
         Shatter the Chain |       |       |     1 ||     1
    Use: Scroll            |     1 |     4 |       ||     5
   Stab: Sleeping          |     1 |     3 |       ||     4
 Armour: Robe              |     6 |    11 |     8 ||    25
  Dodge: Dodged            |    19 |    23 |     6 ||    48
  Block: Buckler           |       |       |     2 ||     2

Table legend: (Time is in decaauts)
 A = Elapsed time spent in this place.
 B = Non-inter-level travel time spent in this place.
 C = Inter-level travel time spent in this place.
 D = Time resting spent in this place.
 E = Time spent auto-exploring this place.
 F = Levels seen in this place.
 G = Mean time per level.
                   A        B        C        D        E       F      G
               +--------+--------+--------+--------+--------+-----+--------+
         Total |   4264 |   4135 |    129 |    740 |   2647 |   7 |  609.1 |
       Dungeon |   4264 |   4135 |    129 |    740 |   2647 |   7 |  609.1 |
               +--------+--------+--------+--------+--------+-----+--------+

Top non-repeatable levels by time:
     D:4: 1131 daAuts
     D:2: 894 daAuts
     D:3: 799 daAuts
     D:7: 734 daAuts
     D:1: 598 daAuts
     D:5: 93 daAuts
     D:8: 12 daAuts
